 Dungeon Crawl Stone Soup version 0.32-a0-998-g15e7c0074e (webtiles) character file.

Game seed: 6390624185974432079

920 GordonOverkill the Basher (level 8, 0/54 HPs)
             Began as a Formicid Delver on Apr 24, 2024.
             Slain by Duvessa
             ... wielding a +2 short sword of venom
              (4 damage)
             ... on level 4 of the Dungeon.
             The game lasted 00:09:09 (3597 turns).

GordonOverkill the Basher (Formicid Delver)         Turns: 3597, Time: 00:09:09

Health: 0/54       AC:  9    Str: 24    XL:     8   Next: 31%
Magic:  8/8        EV: 11    Int:  8    God:
Gold:   187        SH:  0    Dex: 21    Spells: 7/7 levels left

rFire   + . .        c - +1 whip (elec)
rCold   . . .        (no shield)
rNeg    + . .        t - +4 ring mail of Irhyim {Dex+7}
rPois   .            (helmet unavailable)
rElec   +            (no cloak)
rCorr   .            (no gloves)
SInv    +            (no boots)
Will    .....        (no amulet)
Stlth   +++          a - ring of protection from fire
HPRegen 0.29/turn    d - ring of positive energy
MPRegen 0.11/turn

%: no passive effects
@: lethally poisoned (0 -> -10)
A: permanent stasis, dig shafts and tunnels, antennae 3, four strong arms,
hooves 1, frail 1, electricity resistance, strong 1
a: Dig, Shaft Self


You were on level 4 of the Dungeon.
You visited 1 branch of the dungeon, and saw 6 of its levels.
You also visited: Ossuary.

You collected 187 gold pieces.

Inventory:

Hand Weapons
 c - a +1 whip of electrocution (weapon)
 h - a +3 mace
Missiles
 i - 7 curare-tipped darts (quivered)
Armour
 t - the +4 ring mail of Irhyim (worn) {Dex+7}
   (You found it on level 3 of the Dungeon)

   Dex+7:     It affects your dexterity (+7).
Jewellery
 a - a ring of protection from fire (left hand)
 d - a ring of positive energy (right hand)
 g - a ring of wizardry
Wands
 b - a wand of iceblast (12)
 f - a wand of digging (3)
Scrolls
 k - a scroll of enchant armour {unknown}
 m - a scroll of silence
 n - a scroll of fear
 o - a scroll of identify
 r - a scroll of amnesia {unknown}
 s - a scroll of acquirement {unknown}
Potions
 e - a potion of degeneration
 j - a potion of curing
 l - 3 potions of brilliance
 p - a potion of enlightenment {unknown}
 q - 2 potions of might {unknown}


   Skills:
 - Level 4.0 Fighting
 + Level 8.9 Maces & Flails
 - Level 2.0 Dodging
 - Level 6.1 Stealth


You had 7 spell levels left.
You didn't know any spells.
Your spell library was empty.

Dungeon Overview and Level Annotations

Branches:
Dungeon (6/15)            Ossuary (visited)
 Temple: D:4-7

Altars:
Dithmenos
Kikubaaqudgha
Nemelex Xobeh
Qazlal
The Shining One

Shops:
D:1 [

Annotations:
D:4 Dowan, Duvessa


Innate Abilities, Weirdness & Mutations

You cannot be hasted, slowed, berserked, paralysed or teleported.
You can dig through walls and to a lower floor.
You have a pair of large antennae on your head. (SInv)
Your four strong arms can wield two-handed weapons with a shield.
You have large cloven feet.
You are frail. (-10% HP)
You are resistant to electric shocks. (rElec)
Your muscles are strong. (Str +4, Int/Dex -1)


Message History

Aim: Dowan, wielding a +0 dagger and wearing a +0 robe (51% to hit)
You throw a curare-tipped dart.
The curare-tipped dart barely misses Duvessa.
The curare-tipped dart hits Dowan.
Dowan is poisoned.
Dowan struggles to breathe.
Dowan seems to slow down.
Dowan is moderately wounded.
You feel very sick. Duvessa closely misses you.
You hit Duvessa. You kick Duvessa.
Duvessa is heavily wounded.
You feel very sick.
Duvessa hits you with a +2 short sword of venom!
* * * LOW HITPOINT WARNING * * *
You hit Duvessa.
Duvessa is severely wounded.
You feel sick.
Dowan casts a spell.
Dowan blinks!
You barely miss Duvessa. You kick Duvessa, but do no damage.
Duvessa is severely wounded.
You feel sick. Duvessa barely misses you.
You barely miss Duvessa. You kick Duvessa.
Duvessa is almost dead.
You feel sick.
You hit Duvessa but do no damage.
Duvessa is almost dead.
You feel sick. Duvessa hits you but does no damage.
You are more poisoned.
You closely miss Duvessa. You kick Duvessa, but do no damage.
Duvessa is almost dead.
* * * LOW HITPOINT WARNING * * *
You feel sick.
Duvessa hits you with a +2 short sword of venom!
* * * LOW HITPOINT WARNING * * *
* * * LOW HITPOINT WARNING * * *
You feel very sick. Duvessa attacks as she pursues you!
Duvessa hits you with a +2 short sword of venom.
You die...

#5#.............#.######.
#§#########.#.###.# #.
#§§§...(.<#.....#.# #.
########§######......#.#.#
#. #......§§§.#
#.######.#.# #.
#.########.# #.#
#.#)####### *,* #5####.#
#..)....... *,* #...##.#
#....)..... *,* ###.##@#
#.......... *,* #.##e#
#.......... *,* #.##(#
#.......... *,*
####.##.######..........
*,*
#.....(...............♣♣
*,*
#...........)........♣♣*
*,*
#...................~~~~
*,*
#..................~♣~~*
*,*
#...e.........o....♣~~~~


You could see Duvessa (fast, very poisoned, slow).

Vanquished Creatures
  Pikel (D:4)
  Eustachio (D:4)
  An ogre (D:4)
  A hound (D:4)
  Ijyb (D:3)
  An iguana (D:4)
  An orc wizard (D:4)
  A gnoll (D:1)
  4 adders
  A ribbon worm (D:4)
  3 dart slugs (D:2)
  4 orcs
  2 ball pythons (D:1)
  2 bats (D:3)
  7 endoplasms
  A giant cockroach (D:2)
  4 goblins
  6 hobgoblins
  4 jackals (D:2)
  3 quokkas
  A frilled lizard (D:1)
  A goblin zombie (Ossuary)
  7 kobolds
  5 rats
63 creatures vanquished.

Notes
Turn   | Place    | Note
-------+----------+-------------------------------------------
     0 | D:5      | GordonOverkill the Formicid Delver began the quest for the
                  | Orb.
     0 | D:5      | Reached XP level 1. HP: 18/18 MP: 1/1
     8 | D:6      | Noticed a kobold brigand
    38 | D:5      | Found an ancient bone altar of Kikubaaqudgha.
   115 | D:5      | Noticed a howler monkey
   130 | D:5      | Noticed a phantom
   173 | D:4      | Reached XP level 2. HP: 24/24 MP: 2/2
   195 | D:4      | Found a sparkling altar of Nemelex Xobeh.
   308 | D:4      | Found a sand-covered staircase.
   318 | Ossuary  | Entered an ossuary
   444 | D:4      | Noticed an ogre
   512 | D:3      | Found a stormy altar of Qazlal.
   601 | D:2      | Reached XP level 3. HP: 30/30 MP: 3/3
   700 | D:1      | Found Fenuol's Antique Armour Shoppe.
   817 | D:1      | Reached skill level 3 in Maces & Flails
  1154 | D:1      | Reached XP level 4. HP: 37/37 MP: 4/4
  2279 | D:3      | Noticed Ijyb
  2309 | D:3      | Killed Ijyb
  2310 | D:3      | Reached skill level 4 in Maces & Flails
  2310 | D:3      | Reached XP level 5. HP: 24/42 MP: 5/5
  2419 | D:3      | Identified the +4 ring mail of Irhyim {Dex+7}
  2774 | D:3      | Found a glowing golden altar of the Shining One.
  2835 | D:4      | Noticed Pikel
  2835 | D:4      | Noticed a lemure
  2866 | D:4      | Gained mutation: You are frail. (-10% HP) [potion of
                  | mutation]
  2866 | D:4      | Gained mutation: You are resistant to electric shocks.
                  | (rElec) [potion of mutation]
  2866 | D:4      | Gained mutation: You have large cloven feet. [potion of
                  | mutation]
  2866 | D:4      | Gained mutation: Your muscles are strong. (Str +4, Int/Dex
                  | -1) [potion of mutation]
  2869 | D:4      | Noticed a lemure
  2920 | D:4      | Killed Pikel
  2921 | D:4      | Reached skill level 7 in Maces & Flails
  2921 | D:4      | Reached XP level 6. HP: 14/43 MP: 6/6
  2921 | D:4      | Reached XP level 7. HP: 15/48 MP: 7/7
  3062 | D:4      | Found a shadowy altar of Dithmenos.
  3208 | D:4      | Noticed Eustachio
  3305 | D:4      | Killed Eustachio
  3306 | D:4      | Reached skill level 8 in Maces & Flails
  3306 | D:4      | Reached XP level 8. HP: 25/54 MP: 8/8
  3576 | D:4      | Noticed Duvessa
  3577 | D:4      | Noticed Dowan
  3597 | D:4      | Slain by Duvessa

Illustrated notes

Levels and vault maps discovered:
D:1:      sevenhm_arrival_forest_fort_small_3, layout_basic, serial_shops, shop
D:2:      layout_basic, kennysheep_potato
D:3:      layout_basic, tso_altar, mainiacjoe_overflow_boulevard,
          minmay_misc_feat_diagonals, saegor_snake_ambush, uniq_ijyb
D:4:      layout_basic, nemelex_diamond_rough_becter, grunt_dithmenos_smoke,
          enter_ossuary_2, serial_bayou_lake_a, uniq_duvessa, uniq_eustachio,
          uniq_pikel
D:5:      layout_rooms, nicolae_ashenzari_skybound, marbit_many_paths,
          minitemple
D:6:      layout_rooms

Skill      XL: |  1  2  3  4  5  6  7 |
---------------+----------------------+-----
Dodging        | 2 |  2.0
Fighting       | 4 |  4.0
Maces & Flails | 3 4 7 8 |  8.9
Stealth        | |  6.1

Action                     |  1- 3 |  4- 6 |  7- 9 || total
---------------------------+-------+-------+-------++-------
  Melee: Mace              |    60 |    97 |       ||   157
         Kick              |       |     1 |    22 ||    23
         Whip              |       |       |    82 ||    82
  Throw: Dart              |       |     3 |     6 ||     9
Ability: Dig               |       |     3 |       ||     3
    Use: Scroll            |     1 |     7 |     1 ||     9
         Potion            |       |     1 |     1 ||     2
   Stab: Sleeping          |    12 |     7 |     1 ||    20
         Distracted        |       |       |     1 ||     1
 Armour: Leather armour    |    45 |    36 |       ||    81
         Chain mail        |       |    30 |       ||    30
         Ring mail         |       |    18 |    43 ||    61
  Dodge: Dodged            |    37 |    71 |    43 ||   151

Table legend: (Time is in decaauts)
 A = Elapsed time spent in this place.
 B = Non-inter-level travel time spent in this place.
 C = Inter-level travel time spent in this place.
 D = Time resting spent in this place.
 E = Time spent auto-exploring this place.
 F = Levels seen in this place.
 G = Mean time per level.
                   A        B        C        D        E       F      G
               +--------+--------+--------+--------+--------+-----+--------+
         Total |   3626 |   3493 |    133 |    373 |   1981 |   7 |  518.0 |
       Dungeon |   3583 |   3450 |    133 |    373 |   1981 |   6 |  597.2 |
       Ossuary |     42 |     42 |      0 |      0 |      0 |   1 |   42.0 |
               +--------+--------+--------+--------+--------+-----+--------+

Top non-repeatable levels by time:
     D:4: 1039 daAuts
     D:2: 991 daAuts
     D:3: 725 daAuts
     D:1: 680 daAuts
     D:5: 145 daAuts
 Ossuary: 42 daAuts
     D:6: 1 daAuts
